 Dungeon Crawl Stone Soup version 0.30-a0-347-gf58ed5266c (webtiles) character file.

Game seed: 17697410009680545481

47 HoaS the Ruffian (level 3, -10/29 HPs)
             Began as a Ghoul Gladiator on Nov 6, 2022.
             Mangled by Sigmund
             ... wielding a +0 scythe
              (11 damage)
             ... on level 2 of the Dungeon.
             The game lasted 00:02:26 (1129 turns).

HoaS the Ruffian (Ghoul Gladiator)                  Turns: 1129, Time: 00:02:26

Health: -10/29     AC:  4    Str: 17    XL:     3   Next: 70%
Magic:  2/2        EV: 12    Int:  3    God:
Gold:   94         SH:  0    Dex: 12    Spells: 2/2 levels left

rFire   . . .      SeeInvis .      - Unarmed
rCold   + . .      Faith    .    (no shield)
rNeg    + + +      Spirit   .    a - +0 leather armour
rPois   ∞          Reflect  .    b - +0 helmet
rElec   .          Harm     .    (no cloak)
rCorr   .          Rampage  .    (no gloves)
Will    .....                    (no boots)
Stlth   +.........               (no amulet)
HPRegen 0.00/turn                (no ring)
MPRegen 0.08/turn                (no ring)

@: confused, inhibited regen
A: claws 1, cold resistance 1, negative energy resistance 3, inhibited
regeneration, torment resistance 2, devour on kill
a: no special abilities


You were on level 2 of the Dungeon.
You visited 1 branch of the dungeon, and saw 2 of its levels.

You collected 94 gold pieces.

Inventory:

Missiles
 c - 3 throwing nets (quivered)
 d - a javelin
Armour
 a - a +0 leather armour (worn)
 b - a +0 helmet (worn)
Potions
 e - a potion of experience {unknown}
 g - a potion of might {unknown}
 h - a potion of flight {unknown}


   Skills:
 - Level 2.1 Fighting
 - Level 1.7 Throwing
 - Level 2.6 Dodging
 + Level 5.0 Unarmed Combat


You had 2 spell levels left.
You didn't know any spells.
Your spell library contained the following spells:

 Spells                   Type           Power      Damage    Failure   Level
 Shock                    Conj/Air       0%         1d3       58%         1
 Swiftness                Air            0%         N/A       92%         3
 Airstrike                Air            0%         2d(0-16)  100%        4


Dungeon Overview and Level Annotations

Branches:
Dungeon (2/15)

Altars:
Sif Muna

Annotations:
D:2 Sigmund


Innate Abilities, Weirdness & Mutations

You are immune to poison.
You have sharp fingernails.
Your flesh is cold resistant. (rC+)
You are immune to negative energy. (rN+++)
You do not regenerate when monsters are visible.
You are immune to unholy pain and torment.
You thrive by killing the living.


Message History

You bump into the rock wall.
Sigmund mumbles some strange words.
Sigmund flickers and vanishes!
Deactivating autopickup; reactivate with Ctrl-A.
You bump into the rock wall.
You bump into the rock wall.
An endoplasm comes into view.
The worm bites you!
You feel less confused.
A magic dart appears from out of thin air!
The magic dart hits you!
You see here a +0 dagger.
You see here a hobgoblin corpse.
You see here a ball python corpse.
Things that are here:
a +0 dagger; a +0 club; a goblin corpse
Items here: )) [[ ††.
You start resting.
Sigmund is nearby!
Sigmund casts a spell at you. You resist with significant effort.
Sigmund points at you and mumbles some strange words.
The puff of flame hits you!
You feel much better. Sigmund gestures at you while chanting.
You are confused.
You bump into the rock wall.
Sigmund points at you and mumbles some strange words.
You are more confused.
You bump into the rock wall.
You bump into the rock wall.
Sigmund hits you with a +0 scythe.
You bump into the rock wall.
Sigmund hits you with a +0 scythe!
You bump into the rock wall.
You bump into the rock wall.
Sigmund hits you with a +0 scythe.
You bump into the rock wall.
Sigmund hits you with a +0 scythe!
* * * LOW HITPOINT WARNING * * *
You bump into the rock wall.
You bump into the rock wall.
Sigmund hits you with a +0 scythe!
You die...

#.# ###.# #...# #.### #.#
#.# #.#####
##########.....# #.#
#...@@w...####.# #.#
#.#######.# #.# #.# #.#
#.# #.# #.# #.# #.# #.#
#.# #.#######.####.# #.#
######..............# #
##.###......#######.######
#.#.^.......>..# ###.#####
#.#..###.####..# #.......#


You could see Sigmund and a worm.

Vanquished Creatures
  Robin (D:2)
  4 ball pythons
  4 bats
  An endoplasm (D:2)
  2 giant cockroaches (D:1)
  10 goblins
  5 hobgoblins
  A kobold (D:1)
  A quokka (D:2)
  A frilled lizard (D:1)
  2 rats (D:1)
32 creatures vanquished.

Notes
Turn   | Place    | Note
-------+----------+-------------------------------------------
     0 | D:1      | HoaS the Ghoul Gladiator began the quest for the Orb.
     0 | D:1      | Reached XP level 1. HP: 17/17 MP: 0/0
    90 | D:1      | Reached XP level 2. HP: 24/24 MP: 1/1
   319 | D:1      | Reached skill level 4 in Unarmed Combat
   900 | D:2      | Found a shimmering blue altar of Sif Muna.
   958 | D:2      | Reached XP level 3. HP: 29/29 MP: 2/2
  1009 | D:2      | Noticed Robin
  1021 | D:2      | Killed Robin
  1040 | D:2      | Reached skill level 5 in Unarmed Combat
  1057 | D:2      | Noticed Sigmund
  1127 | D:2      | HP: 1/29 [Sigmund/+0 scythe (9)]
  1129 | D:2      | Mangled by Sigmund

Illustrated notes

Levels and vault maps discovered:
D:1:      doesnt_arrival_eight_statues, layout_basic, serial_bayou_ford_a
D:2:      layout_loops_ring, basic_altar, uniq_robin, uniq_sigmund

Skill      XL: |  1  2  3 |
---------------+----------+-----
Unarmed Combat | 4 5 |  5.0
Fighting       | |  2.1
Throwing       | |  1.7
Dodging        | |  2.6

Action                   || total
-------------------------++-------
Melee: Unarmed           ||    73
       Punch             ||     1
  Use: Scroll            ||     1
       Potion            ||     1
Armor: Leather armour    ||    23
Dodge: Dodged            ||    41

Table legend: (Time is in decaauts)
 A = Elapsed time spent in this place.
 B = Non-inter-level travel time spent in this place.
 C = Inter-level travel time spent in this place.
 D = Time resting spent in this place.
 E = Time spent auto-exploring this place.
 F = Levels seen in this place.
 G = Mean time per level.
                   A        B        C        D        E       F      G
               +--------+--------+--------+--------+--------+-----+--------+
         Total |   1137 |   1034 |    103 |     17 |    780 |   2 |  568.5 |
       Dungeon |   1137 |   1034 |    103 |     17 |    780 |   2 |  568.5 |
               +--------+--------+--------+--------+--------+-----+--------+

Top non-repeatable levels by time:
     D:1: 865 daAuts
     D:2: 272 daAuts
